 Dungeon Crawl Stone Soup version 0.26.1-2-gb8aa6d0cf2 (webtiles) character file.

Game seed: 14156258659142936623

13911 Ladykiller69 the Basher (level 12, -19/93 HPs)
             Began as a Formicid Fighter on Mar 14, 2021.
             Was the Champion of Cheibriados.
             Killed from afar by a deep elf mage (39 damage)
             ... with a bolt of fire
             ... on level 12 of the Dungeon.
             The game lasted 00:34:57 (12648 turns).

Ladykiller69 the Basher (Formicid Fighter)         Turns: 12648, Time: 00:34:57

Health: -19/93     AC: 13    Str: 38      XL:     12   Next: 38%
Magic:  12/12      EV: 14    Int: 19 (25) God:    Cheibriados [******]
Gold:   607        SH: 15    Dex: 26      Spells: 11/11 levels left

rFire    . . .     SeeInvis +   L - +0 great mace
rCold    . . .     Faith    .   c - +0 kite shield
rNeg     . . .     Spirit   .   n - +0 plate armour
rPois    .         Reflect  .   (helmet unavailable)
rElec    .         Harm     .   F - scarf {repulsion}
rCorr    .         Rampage  .   (no gloves)
Will     +....                  (no boots)
Stlth    ..........             (no amulet)
HPRegen  0.25/turn              (no ring)
MPRegen  0.13/turn              (no ring)

@: repel missiles, very slow
A: permanent stasis, dig shafts and tunnels, four strong arms, antennae 3
a: Dig, Shaft Self, Renounce Religion, Bend Time, Temporal Distortion, Slouch,
Step From Time


You were on level 12 of the Dungeon.
You worshipped Cheibriados.
Cheibriados was exalted by your worship.
You visited 2 branches of the dungeon, and saw 13 of its levels.

You collected 623 gold pieces.
You spent 16 gold pieces at shops.

Inventory:

Hand Weapons
 L - a +0 great mace (weapon)
Missiles
 B - 5 silver javelins
 C - 27 boomerangs
Armour
 c - a +0 kite shield (worn)
 n - a +0 plate armour (worn)
 F - a scarf of repulsion (worn)
Jewellery
 q - an uncursed ring of ice {unknown}
 x - a cursed ring of wizardry {unknown}
Wands
 d - a wand of disintegration (17)
 r - a wand of enslavement (13)
 v - a wand of polymorph (3)
 w - a wand of digging (5)
 E - a wand of iceblast (8)
 K - a wand of paralysis (9)
Scrolls
 b - a scroll of random uselessness {unknown}
 f - 2 scrolls of amnesia {unknown}
 g - 11 scrolls of identify {unknown}
 i - 7 scrolls of remove curse {unknown}
 j - 11 scrolls of teleportation {unknown}
 k - 8 scrolls of magic mapping {unknown}
 m - a scroll of enchant weapon {unknown}
 p - a scroll of blinking {unknown}
 s - 2 scrolls of enchant armour {unknown}
 y - a scroll of holy word {unknown}
 D - a scroll of summoning {unknown}
 G - a scroll of fog {unknown}
Potions
 a - 2 potions of ambrosia {unknown}
 e - 3 potions of curing
 h - a potion of heal wounds {unknown}
 l - a potion of resistance {unknown}
 o - 3 potions of degeneration {unknown}
 t - 3 potions of haste {unknown}
 u - 7 potions of flight
 z - a potion of cancellation {unknown}
 A - 2 potions of magic {unknown}
 H - 2 potions of mutation {unknown}
 I - a potion of berserk rage {unknown}
 J - a potion of brilliance {unknown}


   Skills:
 + Level 8.2 Fighting
 * Level 13.4 Maces & Flails
 + Level 8.1 Armour
 + Level 6.0 Dodging
 - Level 9.1 Shields


You had 11 spell levels left.
You didn't know any spells.
Your spell library contained the following spells:

 Spells                   Type           Power        Failure   Level
 Magic Dart               Conj           0%           73%         1
 Searing Ray              Conj           0%           86%         2
 Dazzling Flash           Conj/Hex       0%           97%         3
 Fulminant Prism          Conj/Hex       0%           100%        4
 Iskenderun's Mystic Bla  Conj/Tloc      0%           100%        4


Dungeon Overview and Level Annotations

Branches:
Dungeon (12/15)            Temple (1/1) D:4            Lair (0/6) D:11
    Orc (0/2) D:12

Altars:
Ashenzari
Cheibriados
Dithmenos
Elyvilon
Fedhas
Gozag
Hepliaklqana
Kikubaaqudgha
Makhleb
Nemelex Xobeh
Okawaru
Qazlal
Ru
Sif Muna
Trog
Uskayaw
Vehumet
Wu Jian
Xom
Yredelemnul
Zin
The Shining One

Shops:
D:5 [[:

Annotations:
D:1 centaur glass loot
D:7 1 transporter
D:11 1 runed translucent door, exclusions: oklob plant and 4 orange crystal statues


Innate Abilities, Weirdness & Mutations

You cannot be hasted, slowed, berserked, paralysed or teleported.
You can dig through walls and to a lower floor.
Your four strong arms can wield two-handed weapons with a shield.
You have a pair of large antennae on your head. (SInv)


Message History

The deep elf mage is heavily wounded.
The fire elemental hits you. The fire elemental burns you!
You block the fire elemental's attack. You block the deep elf mage's attack.
You hit the deep elf mage.
The deep elf mage is severely wounded.
The fire elemental barely misses you. The fire elemental hits you.
The fire elemental burns you!
* * * LOW HITPOINT WARNING * * *
You block the fire elemental's attack.
Okay, then.
You hit the deep elf mage.
The deep elf mage is severely wounded.
You block the fire elemental's attack.
The deep elf mage hits you but does no damage.
You block the fire elemental's attack. The fire elemental barely misses you.
You miss the deep elf mage.
The deep elf mage is severely wounded.
The deep elf mage casts a spell at you. The bolt of fire hits you!!!
You die...

#...# ..#...... #...#
...#......
#...####'''#......
#.................
#................)
#....)..........^. ..
#.....# #######.. ..
#.....# #..
####'##@....# #..
......eEE...# #..
............##########..
........................
....######.######.......
.... #)## #....... ...
##.# #......# .. ###
#......# #......#


You could see a deep elf mage and 2 fire elementals.

Vanquished Creatures
  A boulder beetle (D:12)
  Erolcha (D:9)
  3 two-headed ogres
  Pikel (D:5)
  A deep elf mage (D:12)
  2 cyclopes (D:11)
  2 centaur skeletons (D:11)
  3 trolls
  A hornet (D:10)
  9 yaks (D:12)
  Eustachio (D:4)
  A soldier ant (D:12)
  Duvessa (D:4)
  2 water moccasins
  2 black bears (D:12)
  Purgy (D:3)
  7 orc warriors
  3 ice beasts
  4 phantoms
  3 ogres
  6 centaurs
  2 lemures (D:4)
  3 big kobolds
  A wyvern zombie (D:9)
  5 bullfrogs
  Dowan (D:4)
  4 killer bees (D:8)
  17 wights
  5 howler monkeys
  A bullfrog zombie (D:9)
  A jelly (D:8)
  2 quasits
  5 hounds
  13 orc priests
  A bullfrog skeleton (D:10)
  A centaur zombie (D:6)
  4 iguanas
  Ijyb (D:4)
  12 orc wizards
  9 worker ants
  A hound zombie (D:11)
  3 worker ant zombies
  9 adders
  4 gnolls (D:8)
  4 shadow imps
  A white imp (D:8)
  An ooze (D:3)
  2 worms (D:4)
  A dart slug (D:3)
  5 leopard geckos
  41 orcs
  2 ball pythons
  4 bats
  4 giant cockroaches
  10 hobgoblins
  3 jackals (D:1)
  10 quokkas
  5 frilled lizards
  11 goblins
  A jackal skeleton (D:4)
  20 kobolds
  5 rats
290 creatures vanquished.

Vanquished Creatures (others)
  10 plants
10 creatures vanquished.

Grand Total: 300 creatures vanquished

Notes
Turn   | Place    | Note
-------+----------+-------------------------------------------
     0 | D:1      | Ladykiller69 the Formicid Fighter began the quest for the
                  | Orb.
     0 | D:1      | Reached XP level 1. HP: 18/18 MP: 1/1
    11 | D:1      | Noticed a centaur
   151 | D:1      | Reached XP level 2. HP: 20/24 MP: 2/2
   579 | D:2      | Reached XP level 3. HP: 29/29 MP: 3/3
   581 | D:2      | Found an ornate altar of the Wu Jian Council.
   586 | D:2      | Reached skill level 3 in Maces & Flails
   586 | D:2      | Found a snail-covered altar of Cheibriados.
   598 | D:2      | Became a worshipper of Cheibriados the Contemplative
  1387 | D:3      | Noticed Purgy
  1416 | D:3      | Killed Purgy
  1417 | D:3      | Reached skill level 4 in Maces & Flails
  1417 | D:3      | Reached XP level 4. HP: 24/35 MP: 2/4
  1417 | D:3      | Reached XP level 5. HP: 28/41 MP: 2/5
  1653 | D:3      | Reached * piety under Cheibriados
  1680 | D:3      | Reached skill level 5 in Shields
  1683 | D:3      | Reached XP level 6. HP: 36/47 MP: 6/6
  1689 | D:3      | Reached skill level 5 in Maces & Flails
  2392 | D:4      | Noticed Eustachio
  2418 | D:4      | Killed Eustachio
  2419 | D:4      | Reached skill level 6 in Maces & Flails
  2419 | D:4      | Reached XP level 7. HP: 47/52 MP: 7/7
  2511 | D:4      | Found a staircase to the Ecumenical Temple.
  2713 | D:4      | Noticed Duvessa
  2730 | D:4      | Killed Duvessa
  2730 | D:4      | Noticed Dowan
  2893 | D:4      | Killed Dowan
  2923 | D:4      | Noticed Ijyb
  2936 | D:4      | Killed Ijyb
  2941 | D:4      | Reached skill level 7 in Maces & Flails
  2941 | D:4      | Reached XP level 8. HP: 22/58 MP: 8/8
  2960 | D:4      | Reached ** piety under Cheibriados
  3435 | D:5      | Entered Level 5 of the Dungeon
  3579 | Temple   | Entered the Ecumenical Temple
  3794 | D:5      | Noticed Pikel
  3829 | D:5      | Killed Pikel
  3830 | D:5      | Reached skill level 8 in Maces & Flails
  3903 | D:5      | Found Humpok's Armour Shoppe.
  3909 | D:5      | Bought a cursed +0 cloak for 16 gold pieces
  3925 | D:5      | Found a shadowy altar of Dithmenos.
  4044 | D:5      | Reached XP level 9. HP: 55/64 MP: 9/9
  4156 | D:5      | Found Seniu's Book Shop.
  4167 | D:5      | Reached skill level 9 in Maces & Flails
  4373 | D:5      | Found Qethru's Armour Shoppe.
  4810 | D:6      | You fall into a shaft and drop 3 floors!
  5233 | D:8      | Reached *** piety under Cheibriados
  5443 | D:8      | Reached skill level 10 in Maces & Flails
  6204 | D:6      | Reached skill level 1 in Dodging
  6660 | D:7      | Reached **** piety under Cheibriados
  6661 | D:7      | Reached XP level 10. HP: 71/71 MP: 10/10
  6704 | D:7      | Found a transporter.
  6887 | D:7      | Identified the +10 glaive "Sueduimn" {pain, rPois rF+
                  | Str+2}
  7645 | D:8      | HP: 3/73 [orc priest/divine providence (13)]
  7652 | D:8      | Reached skill level 11 in Maces & Flails
  8173 | D:9      | Reached ***** piety under Cheibriados
  8194 | D:9      | Reached skill level 5 in Fighting
  8207 | D:9      | Reached skill level 5 in Armour
  8560 | D:9      | Noticed Erolcha
  8579 | D:9      | Killed Erolcha
  8923 | D:10     | Entered Level 10 of the Dungeon
  9129 | D:10     | Reached XP level 11. HP: 76/81 MP: 11/11
  9210 | D:10     | Found a stormy altar of Qazlal.
 10029 | D:11     | Found a runed translucent door.
 10043 | D:11     | Noticed an oklob plant
 10089 | D:11     | Noticed a cyclops
 10099 | D:11     | Killed a cyclops
 10100 | D:11     | Reached skill level 12 in Maces & Flails
 10337 | D:11     | Found the +10 tower shield of Ignorance {rN+ Int-4}
 10357 | D:11     | Noticed an orange crystal statue
 10357 | D:11     | Noticed an orange crystal statue
 10357 | D:11     | Noticed an orange crystal statue
 10357 | D:11     | Noticed an orange crystal statue
 10358 | D:11     | Found a runed translucent door.
 10376 | D:11     | Noticed a seven-headed hydra
 10387 | D:11     | HP: 1/83 [seven-headed hydra[an orange crystal statue] (6)]
 10388 | D:11     | You fall into a shaft and drop 1 floor!
 11003 | D:12     | Noticed a two-headed ogre
 11011 | D:12     | Killed a two-headed ogre
 11322 | D:12     | Noticed a boulder beetle
 11336 | D:12     | Killed a boulder beetle
 11337 | D:12     | Reached skill level 5 in Dodging
 11741 | D:12     | Found a sparkling altar of Nemelex Xobeh.
 11830 | D:11     | Reached ****** piety under Cheibriados
 12006 | D:11     | You fall into a shaft and drop 1 floor!
 12060 | D:11     | Noticed a two-headed ogre
 12070 | D:11     | Killed a two-headed ogre
 12071 | D:11     | Reached XP level 12. HP: 78/92 MP: 12/12
 12129 | D:11     | Reached skill level 13 in Maces & Flails
 12239 | D:11     | Found a staircase to the Lair.
 12391 | D:12     | Found a staircase to the Orcish Mines.
 12466 | D:12     | Noticed a two-headed ogre
 12473 | D:12     | Killed a two-headed ogre
 12648 | D:12     | Killed from afar by a deep elf mage

Illustrated notes

Levels and vault maps discovered:
D:1:      evilmike_arrival_come_back, layout_basic, item_on_display_a
D:2:      layout_basic, chequers_temple_overflow_statue_of_worship
D:3:      layout_loops_ring, uniq_purgy
D:4:      layout_rooms, temple_doors_e, uniq_duvessa, uniq_ijyb, uniq_eustachio
D:5:      layout_basic, basic_altar, serial_shops, nicolae_shop_trees, shop,
          shop, serial_bayou_ford_a, uniq_pikel
D:6:      layout_loops_ring, grunt_ministairs_14
D:7:      gammafunk_beogh_shrine, layout_rooms
D:8:      layout_loops_ring
D:9:      layout_loops_ring, uniq_erolcha
D:10:     layout_small_grid, serial_co_window_serial, co_window_paths_a,
          co_window_paths_b, co_window_corner_a, co_window_paths_b,
          co_window_paths_a, co_window_unsneaky_path_e,
          co_window_of_opportunity_b, co_window_corner_ca, glass_columns_c,
          glass_columns_b, glass_columns_a, grunt_qazlal_clouds
D:11:     layout_roguey, dpeg_oklobed_lair, minmay_misc_feat_ornament,
          chequers_guarded_unrand_ignorance
D:12:     layout_irregular_city, david_orc_2, nemelex_altar_shiori
Temple:   regret_index_temple_chain_breaker

Skill      XL: |  1  2  3  4  5  6  7  8  9 10 11 12 |
---------------+-------------------------------------+-----
Shields        | 4 5 6 8 9 |  9.1
Maces & Flails | 4 6 7 8 10 11 12 13 | 13.4
Dodging        | 1 3 5 6 |  6.0
Fighting       | 4 5 7 8 |  8.2
Armour         | 4 5 7 8 |  8.1

Action                   |  1- 3 |  4- 6 |  7- 9 | 10-12 || total
-------------------------+-------+-------+-------+-------++-------
Melee: Flail             |   143 |   104 |   392 |   443 ||  1082
       Unarmed           |       |       |     9 |       ||     9
       Great mace        |       |       |       |   169 ||   169
Invok: Bend Time         |     1 |       |     1 |     1 ||     3
 Abil: Dig               |     2 |     3 |     6 |    15 ||    26
       Shaft Self        |       |       |       |     1 ||     1
  Use: Potion            |     1 |       |       |     4 ||     5
Armor: Scale mail        |    42 |       |       |       ||    42
       Plate armour      |    62 |    49 |   154 |   208 ||   473
       Skin              |       |       |     2 |       ||     2
Dodge: Dodged            |    51 |    19 |    93 |   251 ||   414
       Repelled          |       |       |       |     3 ||     3
Block: Kite shield       |    84 |    49 |   256 |   408 ||   797
